AoeStats
← SimonTheAoENoob

Golden Pit

508022872Analyzed
1v1 RM · 13d ago on Sep 20, 2026· 44m 38s· 2 players
Game mode
Random Map
Map size
Tiny (2 player)
Population
200
Speed
Normal
Resources
Standard
Victory
Conquest
Starting age
Dark Age
Ending age
Imperial Age
RankedLock teamsTeams togetherTeam positionsShared explorationLock speedFull tech treeHidden civsTurbo modeCheats
Victory
Defeat
🇱🇹 Poles · Lithuania
879
+17
🇨🇱 Spanish · Chile
900
-17
SimonTheAoENoob
8:08 Loom
10:25 Feudal Age
11:11 Double-Bit Axe
12:04 Horse Collar
14:19 Wheelbarrow
18:36 Castle Age
17:41 Man-at-Arms
23:54 Bow Saw
28:33 Hand Cart
28:29 Heavy Plow
35:57 Fletching
37:42 Szlachta Privileges
37:06 Elite Skirmisher
41:45 Pikeman
42:40 Forging
42:35 Scale Barding Armor
42:31 Scale Mail Armor
45:26 Imperial Age
Boss's Order
1:19 Loom
9:59 Feudal Age
10:31 Double-Bit Axe
13:24 Horse Collar
20:13 Castle Age
21:10 Bow Saw
22:00 Heavy Plow
23:47 Fletching
29:55 Padded Archer Armor
35:01 Wheelbarrow
39:51 Imperial Age
38:09 Scale Barding Armor
38:27 Forging
39:38 Bloodlines
39:29 Husbandry
40:55 Cavalier
41:49 Capped Ram
43:23 Chain Barding Armor
Connection lost

Rejoining the realm…

Still unreachable

The connection could not be restored.

Session expired

The server has moved on; the page needs a fresh start.